 Dungeon Crawl Stone Soup version 0.28-b1-1-g3c77fb2 (webtiles) character file.

Game seed: 1284309327842764040

58 Host24 the Bolt Thrower (level 4, 0/29 HPs)
             Began as a Kobold Hunter on Jan 29, 2022.
             Succumbed to an adder's poison
             ... on level 2 of the Dungeon.
             The game lasted 00:06:36 (2137 turns).

Host24 the Bolt Thrower (Kobold Hunter)             Turns: 2137, Time: 00:06:36

Health: 0/29       AC:  4    Str: 11    XL:     4   Next: 21%
Magic:  4/4        EV: 14    Int: 12    God:
Gold:   47         SH:  0    Dex: 15    Spells: 3/3 levels left

rFire   . . .      SeeInvis .   a - +1 hand crossbow
rCold   . . .      Faith    .   (no shield)
rNeg    . . .      Spirit   .   c - +1 leather armour
rPois   .          Reflect  .   (no helmet)
rElec   .          Harm     .   (no cloak)
rCorr   .          Rampage  .   (no gloves)
Will    .....                   (no boots)
Stlth   +++.......              (no amulet)
HPRegen 0.09/turn               (no ring)
MPRegen 0.09/turn               (no ring)

@: brilliant, lethally poisoned (0 -> -1), invisible
A: small, no large weapons, nightstalker 3
a: no special abilities


You were on level 2 of the Dungeon.
You visited 1 branch of the dungeon, and saw 2 of its levels.

You collected 47 gold pieces.

Inventory:

Hand Weapons
 a - a +1 hand crossbow (weapon)
 f - a +0 hunting sling
 h - a +2 dagger of protection
 m - a +1 vampiric whip
Missiles
 d - 11 bolts (quivered ammo)
 e - 87 stones
 g - 37 arrows
 i - 7 poisoned darts
 n - 6 boomerangs
Armour
 c - a +1 leather armour (worn)


   Skills:
 + Level 4.0 Fighting
 - Level 5.0 Crossbows
 - Level 3.0 Dodging
 - Level 1.3 Stealth


You had 3 spell levels left.
You didn't know any spells.
Your spell library was empty.

Dungeon Overview and Level Annotations

Branches:
Dungeon (2/15)

Altars:


Innate Abilities, Weirdness & Mutations

You are small and have problems with some larger weapons.
You are completely attuned to the shadows.


Message History

The adder bites you.
* * * LOW HITPOINT WARNING * * *
The adder bites you but does no damage.
Fire: 13 bolts
Press: ? - help, Q - select action, (/) - cycle Shift-Dir - straight line, f/p - adder
Aim: an adder (almost dead, 51% to hit)
You shoot a bolt. The bolt closely misses the adder.
The adder misses you. The adder bites you.
* * * LOW HITPOINT WARNING * * *
You are lethally poisoned!
The adder poisons you!
Fire: 12 bolts
Press: ? - help, Q - select action, (/) - cycle Shift-Dir - straight line, f/p - adder
Aim: an adder (almost dead, 51% to hit)
You shoot a bolt. The bolt hits the adder!
You kill the adder!
* * * LOW HITPOINT WARNING * * *
You feel sick.
Your Fighting skill increases to level 4!
It was a potion of brilliance.
You feel clever all of a sudden.
* * * LOW HITPOINT WARNING * * *
You feel sick.
It was a potion of invisibility.
You fade into invisibility!
* * * LOW HITPOINT WARNING * * *
You feel sick.
As you read the scroll labelled WUIMIA IRIMA, it crumbles to dust.
You assume a fearsome visage.
Nothing appears to happen.
It was a scroll of fear.
* * * LOW HITPOINT WARNING * * *
You feel sick.
As you read the scroll labelled POIP NOAHIUPHE, it crumbles to dust.
It is a scroll of enchant armour.
Your +0 leather armour glows green for a moment.
* * * LOW HITPOINT WARNING * * *
You feel sick.
As you read the scroll labelled NOMAFA DUEROMOFIC, it crumbles to dust.
You feel a surge of unholy energy.
It was a scroll of torment.
You die...

#.#####.#.#.##... .#
#.#####.#+#.##### ### #.#
#.#.........#
...##.###.#.........###
.$......#.'...........#
........#.#...........#
..Sg....#.#...........#
...##.###.#........>..#
...##(.(@.#...........###
.. #....###..............
......# #.....#........
.......# #.....###......
.......# #.....# #######
.....# #.....# #.....#
#.....# #.....#


There were no monsters in sight!

Vanquished Creatures
  2 adders (D:2)
  2 dart slugs
  A bat (D:2)
  3 endoplasms (D:1)
  2 giant cockroaches
  6 goblins
  3 hobgoblins (D:1)
  2 jackals (D:2)
  2 quokkas
  3 ball pythons
  A frilled lizard (D:2)
  5 kobolds
  3 rats
35 creatures vanquished.

Notes
Turn   | Place    | Note
-------+----------+-------------------------------------------
     0 | D:1      | Host24 the Kobold Hunter began the quest for the Orb.
     0 | D:1      | Reached XP level 1. HP: 12/12 MP: 1/1
   112 | D:1      | Reached skill level 5 in Crossbows
   155 | D:1      | Reached XP level 2. HP: 17/17 MP: 2/2
  1137 | D:1      | Reached XP level 3. HP: 12/22 MP: 3/3
  2094 | D:2      | Reached XP level 4. HP: 29/29 MP: 4/4
  2136 | D:2      | HP: 1/29 [poisoned by an adder]
  2137 | D:2      | Succumbed to an adder's poison

Illustrated notes

Levels and vault maps discovered:
D:1:      kennysheep_arrival_forest, layout_loops_ring, minmay_misc_feat_five,
          kennysheep_doodads
D:2:      layout_basic

Skill      XL: |  1  2  3  4 |
---------------+-------------+-----
Crossbows      | 5 |  5.0
Dodging        | 3 |  3.0
Fighting       | 3 4 |  4.0
Stealth        | |  1.3

Action                   |  1- 3 |  4- 6 || total
-------------------------+-------+-------++-------
Melee: Short sword       |    78 |       ||    78
       Punch             |     2 |       ||     2
       Whip              |    23 |     5 ||    28
 Fire: Hand crossbow     |     8 |     8 ||    16
  Use: Scroll            |       |     3 ||     3
       Potion            |       |     2 ||     2
 Stab: Sleeping          |    13 |       ||    13
Armor: Leather armour    |    25 |     5 ||    30
Dodge: Dodged            |    75 |    12 ||    87
